 Dungeon Crawl Stone Soup version 0.30-a0-913-g9934a0ce24 (webtiles) character file.

Game seed: 8421133027058666936

8733 ragingrage the Gouger (level 11, -4/46 HPs)
             Began as a Felid Artificer on Mar 19, 2023.
             Was an Initiate of Gozag.
             Slain by a stone giant (23 damage)
             ... in a volcano.
             The game lasted 00:42:13 (18484 turns).

ragingrage the Gouger (Felid Artificer)            Turns: 18484, Time: 00:42:14

Health: -4/46      AC:  2    Str:  8    XL:     11   Next: 13%
Magic:  25/27      EV: 23    Int: 15    God:    Gozag
Gold:   2183       SH:  0    Dex: 19    Spells: 1/18 levels left
                                        Lives:  0   Deaths: 3

rFire   + . .      SeeInvis +      - Unarmed
rCold   . . .      Faith    .    (shield unavailable)
rNeg    . . .      Spirit   .    (body armour unavailable)
rPois   .          Reflect  .    (helmet unavailable)
rElec   .          Rampage  .    (cloak unavailable)
rCorr   .                        (gloves unavailable)
Will    +....                    (boots unavailable)
Stlth   +++                      h - amulet of regeneration
HPRegen 1.07/turn                A - ring of protection from fire
MPRegen 0.20/turn                K - ring of magical power

@: quick
A: very small, claws 1, fangs 3, see invisible, speed 1, shaggy fur 2, stealthy
paws, no weapons or thrown items, no armour, multi-lived
a: Renounce Religion, Potion Petition, Call Merchant, Bribe Branch


You were in a volcano.
You worshipped Gozag.
Gozag was most pleased with you.
You visited 3 branches of the dungeon, and saw 15 of its levels.
You also visited: Volcano.

You collected 2749 gold pieces.
You spent 260 gold pieces at shops.
You paid 306 gold pieces to Gozag.

Inventory:

Jewellery
 h - an amulet of regeneration (around neck)
 A - a ring of protection from fire (left paw)
 C - a ring of protection from fire
 K - a ring of magical power (right paw)
Wands
 a - a wand of flame (2)
 b - a wand of charming (20)
 c - a wand of iceblast (3)
 o - a wand of mindburst (5)
 p - a wand of digging (12)
 x - a wand of acid (13)
 J - a wand of polymorph (5)
Scrolls
 d - 2 scrolls of teleportation
 k - 3 scrolls of fog {unknown}
 m - a scroll of enchant armour {unknown}
 n - a scroll of silence {unknown}
 r - 3 scrolls of immolation
 s - 5 scrolls of magic mapping
 v - 3 scrolls of poison
 y - a scroll of vulnerability {unknown}
 B - a scroll of torment {unknown}
 E - a scroll of fear {unknown}
 I - 2 scrolls of amnesia
Potions
 f - a potion of ambrosia
 g - 2 potions of lignification
 i - 3 potions of brilliance
 j - a potion of might
 l - 4 potions of attraction
 q - a potion of flight
 t - 4 potions of curing
 u - 4 potions of haste
 z - 2 potions of heal wounds
 D - a potion of mutation
 G - a potion of berserk rage


   Skills:
 + Level 4.0 Fighting
 + Level 8.0 Dodging
 - Level 5.0 Stealth
 - Level 12.0 Unarmed Combat
 + Level 4.3 Spellcasting
 - Level 4.0 Conjurations
 + Level 3.4 Transmutations
 + Level 2.8 Fire Magic
 - Level 7.0 Air Magic
 + Level 7.4 Poison Magic
 - Level 5.0 Evocations


You had one spell level left.
You knew the following spells:

 Your Spells              Type           Power      Damage    Failure   Level
a - Poisonous Vapours     Pois/Air       48%        N/A       1%          2
b - Mephitic Cloud        Conj/Pois/Air  21%        N/A       4%          3
c - Olgreb's Toxic Radia  Pois           25%        N/A       9%          4
d - Arcjolt               Conj/Air       9%         1d19      45%         5
f - Ignite Poison         Fire/Tmut/Pois 16%        N/A       9%          3

Your spell library contained the following spells:

 Spells                   Type           Power      Damage    Failure   Level
 Cigotuvi's Dreadful Rot  Necr/Pois/Air  34%        N/A       3%          2
 Vhi's Electric Charge    Tloc/Air       26%        N/A       13%         3
 Lesser Beckoning         Tloc           6%         N/A       26%         2
 Inner Flame              Hex/Fire       7%         N/A       28%         3
 Sticky Flame             Conj/Fire      13%        2d4       38%         4
 Gell's Gravitas          Tloc           3%         N/A       47%         3
 Teleport Other           Tloc           3%         N/A       47%         3
 Cause Fear               Hex            1%         N/A       87%         4
 Dispel Undead            Necr           3%         3d7       87%         4
 Death Channel            Necr           1%         N/A       100%        6
 Dispersal                Tloc           1%         N/A       100%        6
 Ozocubu's Refrigeration  Ice            1%         4d7       100%        7
 Discord                  Hex            1%         N/A       100%        8
 Ignition                 Fire           5%         3d4       100%        8
 Maxwell's Capacitive Co  Air            12%        ∞         100%        8


Dungeon Overview and Level Annotations

Branches:
Dungeon (11/15)            Temple (1/1) D:6            Lair (3/5) D:10
  Snake (0/4) Lair:2          Orc (0/2) D:9         Volcano (1/1)
  Swamp: Lair:2-3    Shoals: Lair:2-3

Altars:
Ashenzari
Cheibriados
Dithmenos
Elyvilon
Fedhas
Gozag
Hepliaklqana
Kikubaaqudgha
Makhleb
Okawaru
Qazlal
Ru
Sif Muna
Trog
Uskayaw
Vehumet
Wu Jian
Xom
Yredelemnul
Zin
The Shining One

Shops:
D:2 :

Annotations:
D:5 Dowan; Duvessa; Ijyb; Menkaure
D:7 2 runed translucent doors, Nabski's ghost, novice TeFE
D:8 2 transporters, exclusion: downstairs
D:10 exclusion: orange crystal statue
Lair:3 exclusion: oklob plant


Innate Abilities, Weirdness & Mutations

You have sharp claws.
You have razor-sharp teeth.
You have supernaturally acute eyesight. (SInv)
You cover ground quickly. (Speed+)
You are covered in thick fur. (AC +2)
Your paws help you pounce on unaware monsters.
You are incapable of wielding weapons or throwing items.
You cannot wear armour.
You gain extra lives every three experience levels.


Message History

The earth elemental is distracted by your dazzling golden aura.
You scratch the earth elemental.
The earth elemental is no longer distracted by gold.
Your bite misses the earth elemental. You claw the earth elemental!
You destroy the earth elemental!
The earth elemental closely misses you.
You see here 21 gold pieces.
You scratch the earth elemental. You barely miss the earth elemental.
The earth elemental barely misses you.
You completely miss the earth elemental.
You claw the earth elemental! The earth elemental closely misses you.
You completely miss the earth elemental.
You claw the earth elemental!
You destroy the earth elemental!
You now have 2144 gold pieces (gained 31).
There is an open door here.
You see here a +3 scimitar of flaming.
There is an open door here.
You see here a +3 scimitar of flaming.
You now have 2165 gold pieces (gained 21).
You now have 2183 gold pieces (gained 18).
There is an open door here.
You see here a +3 scimitar of flaming.
You open the door.
A stone giant comes into view.
Found a rocky tunnel leading out of this place.
There is an open door here.
You pounce on the unaware helpless stone giant!
You eviscerate the stone giant!!!! You claw the stone giant!
The stone giant hits you!!
Ouch! That really hurt!
Aiming: Poisonous Vapours (safe; 1% risk of failure)
Aim: a stone giant, quivering large rocks (almost dead) Poisonous vapours surround the stone giant!
The stone giant is poisoned.
The stone giant hits you!!
Ouch! That really hurt!
You die...
Your body crumbles into a pile of gold.

#.# $ #..≈≈ $ $ #.# $$ #.≈≈§ $
#.# $ $ #.≈§§ #.#.######.≈≈≈
#.#......#.≈≈§
###++###)###++###.≈§§
#....#.....# #.≈≈§ ≈≈≈≈≈
≈§≈§.#.∩C.#.8_8.# #.≈≈≈
§≈≈≈≈≈≈§§≈§.#...@'.....+ #§≈≈≈
≈≈≈≈≈≈≈§≈§§.#################§≈§≈
§≈§§≈≈§≈§≈§.§..§............§§§≈≈
≈§≈≈≈≈≈§§§§§§§§§≈≈≈.≈≈≈≈≈§≈≈§≈§≈§
§§§§≈§§≈≈§§§≈§§≈≈≈.≈≈≈≈≈≈≈§≈§≈≈≈≈
≈≈≈≈≈§≈§§§≈§≈≈≈≈..≈≈≈≈≈≈≈§≈§≈≈≈≈≈
≈≈≈≈≈§.§§≈≈≈≈≈..≈≈≈§§§§§≈≈§≈≈§≈≈§
≈≈≈..≈≈§.§≈≈..≈≈≈≈≈§≈§§§§≈≈≈≈≈≈○≈
.≈.§≈≈§≈≈...≈≈≈≈≈≈§≈§≈§§≈§§≈≈§≈≈○


You could see a stone giant (very poisoned).

Vanquished Creatures
  Sonja (D:10)
  Lodul (D:10)
  A merfolk siren (Lair:3)
  Maurice (D:8)
  3 cane toads
  Joseph (D:7)
  A kobold demonologist (D:9)
  5 komodo dragons
  An efreet (Volcano)
  4 polar bears (Lair:2)
  A hornet (Lair:2)
  A troll (D:10)
  12 blink frogs
  10 yaks
  3 wyverns
  A fire elemental (Volcano)
  A wraith (D:10)
  A fire bat (Volcano)
  A basilisk (Lair:3)
  An acid dragon (D:10)
  4 water moccasins
  A meliai simulacrum (D:10)
  3 ice beasts
  5 orc warriors
  A sky beast (D:6)
  3 black bears
  9 ogres
  3 centaurs
  8 wolves (Lair:2)
  2 phantoms
  5 kobold brigands
  7 bullfrogs
  2 earth elementals (Volcano)
  2 scorpions
  7 wights
  5 killer bees (D:9)
  5 howler monkeys
  2 electric eels (D:10)
  8 lava snakes
  A hound (D:4)
  5 orc priests
  2 jellies (D:5)
  7 iguanas
  A sleepcap (D:6)
  8 orc wizards
  Terence (D:3)
  4 gnolls
  10 adders
  2 white imps (D:10)
  2 worms (D:2)
  2 dart slugs
  56 orcs
  4 bats
  5 endoplasms
  A giant cockroach (D:3)
  6 hobgoblins
  2 quokkas
  3 ball pythons
  4 frilled lizards
  2 goblins
  31 kobolds
  3 rats
295 creatures vanquished.

Vanquished Creatures (collateral kills)
  An orc warrior (D:9)
  A bullfrog (D:8)
  2 orc wizards
  5 orcs
9 creatures vanquished.

Vanquished Creatures (others)
  A wyvern (Lair:3)
  A water moccasin (D:7)
  2 killer bees
  An orc priest (D:7)
  10 fungi
  4 plants (Lair:2)
19 creatures vanquished.

Grand Total: 323 creatures vanquished

Notes
Turn   | Place    | Note
-------+----------+-------------------------------------------
     0 | D:1      | ragingrage the Felid Artificer began the quest for the Orb.
     0 | D:1      | Reached XP level 1. HP: 9/9 MP: 2/2
   318 | D:1      | Reached skill level 1 in Unarmed Combat
   322 | D:1      | Reached XP level 2. HP: 11/12 MP: 3/3
   915 | D:2      | Reached XP level 3. HP: 13/15 MP: 4/4
   977 | D:2      | Found Ijomo's Book Shop.
  1139 | D:2      | Reached skill level 2 in Unarmed Combat
  1224 | D:2      | Found a shimmering altar of Xom.
  1979 | D:3      | Reached XP level 4. HP: 17/19 MP: 5/5
  2153 | D:3      | Noticed a bullfrog
  2160 | D:3      | Killed a bullfrog
  2161 | D:3      | Reached skill level 5 in Stealth
  2161 | D:3      | Reached skill level 3 in Unarmed Combat
  2161 | D:3      | Reached XP level 5. HP: 22/22 MP: 6/6
  2291 | D:3      | Noticed Terence
  2297 | D:3      | Killed Terence
  2791 | D:4      | Reached skill level 4 in Unarmed Combat
  3635 | D:5      | Entered Level 5 of the Dungeon
  3640 | D:5      | Noticed an ogre
  3651 | D:5      | Killed an ogre
  3652 | D:5      | Gained mutation: You are covered in thick fur. (AC +2)
                  | [Felid growth]
  3652 | D:5      | Reached XP level 6. HP: 25/25 MP: 7/7
  3668 | D:5      | Noticed Dowan
  3673 | D:5      | Noticed Duvessa
  3686 | D:5      | Reached skill level 5 in Unarmed Combat
  3821 | D:5      | Identified the +0 scale mail of Hisoics {rC++ Int+2 Slay-5}
  4196 | D:6      | Found a staircase to the Ecumenical Temple.
  4419 | D:5      | Reached skill level 5 in Dodging
  4459 | D:5      | Reached XP level 7. HP: 21/28 MP: 8/8
  4589 | D:5      | Noticed Menkaure
  4644 | Temple   | Entered the Ecumenical Temple
  4652 | Temple   | Reached skill level 6 in Unarmed Combat
  4865 | Temple   | Became a worshipper of Gozag Ym Sagoz the Greedy
  4942 | D:6      | Slain by a black bear
  4943 | D:6      | Reached XP level 6. HP: 0/25 MP: 7/7
  5139 | D:7      | Reached XP level 7. HP: 28/28 MP: 8/8
  5151 | D:7      | Reached skill level 7 in Unarmed Combat
  5318 | D:7      | Found a large runed translucent door.
  5318 | D:7      | Found a large runed translucent door.
  5320 | D:7      | Noticed Nabski's ghost (novice TeFE)
  5701 | D:6      | Reached skill level 5 in Evocations
  5782 | D:6      | Reached skill level 8 in Unarmed Combat
  5794 | D:6      | Reached XP level 8. HP: 24/32 MP: 9/9
  6047 | D:2      | Bought a book of Vapours for 260 gold pieces
  6050 | D:2      | Learned a level 2 spell: Poisonous Vapours
  6054 | D:2      | Learned a level 3 spell: Mephitic Cloud
  6294 | D:5      | Noticed Ijyb
  6338 | D:6      | Reached skill level 1 in Spellcasting
  6338 | D:6      | Reached skill level 1 in Conjurations
  6641 | D:7      | Reached skill level 1 in Air Magic
  6641 | D:7      | Reached skill level 1 in Poison Magic
  6699 | D:7      | Reached skill level 9 in Unarmed Combat
  6811 | D:7      | Noticed Joseph
  6817 | D:7      | Killed Joseph
  6892 | D:7      | Slain by an orc warrior
  6893 | D:7      | Reached XP level 7. HP: 0/28 MP: 11/11
  7164 | D:8      | Noticed a wyvern
  7167 | D:8      | Killed a wyvern
  7168 | D:8      | Reached XP level 8. HP: 32/32 MP: 12/12
  7648 | D:8      | Noticed Maurice
  7926 | D:8      | Found a transporter.
  7926 | D:8      | Found a transporter.
  7926 | D:8      | Noticed an ogre mage
  7928 | D:8      | Noticed a two-headed ogre
  8484 | D:8      | Killed Maurice
  8485 | D:8      | Reached skill level 10 in Unarmed Combat
  8485 | D:8      | Reached XP level 9. HP: 35/35 MP: 13/13
  8671 | D:9      | Found an iron altar of Okawaru.
  9184 | D:9      | Found a staircase to the Orcish Mines.
 10123 | D:8      | Reached skill level 5 in Air Magic
 10990 | D:8      | Reached XP level 10. HP: 28/39 MP: 0/14
 11871 | D:9      | Reached skill level 5 in Poison Magic
 12521 | D:10     | Entered Level 10 of the Dungeon
 12521 | D:10     | Found a staircase to the Lair.
 12619 | D:10     | Noticed Sonja
 12637 | D:10     | Killed Sonja
 12676 | D:10     | Found a stormy altar of Qazlal.
 12777 | D:10     | Reached skill level 11 in Unarmed Combat
 12952 | D:10     | Noticed Lodul
 13030 | D:10     | Noticed a smoke demon
 13033 | D:10     | Noticed an orange demon
 13126 | D:10     | Killed Lodul
 13234 | D:9      | Learned a level 4 spell: Olgreb's Toxic Radiance
 13981 | D:10     | Noticed an orange crystal statue
 14360 | D:10     | Found an ancient bone altar of Kikubaaqudgha.
 14706 | Lair:1   | Entered Level 1 of the Lair of Beasts
 14813 | Lair:2   | Reached XP level 11. HP: 42/42 MP: 18/18
 15324 | Lair:2   | Learned a level 5 spell: Arcjolt
 15623 | Lair:2   | Learned a level 3 spell: Ignite Poison
 15955 | Lair:2   | Reached skill level 1 in Transmutations
 15986 | Lair:2   | Reached skill level 1 in Fire Magic
 17835 | Lair:2   | HP: 2/45 [cane toad (12)]
 17920 | Lair:2   | Found a staircase to the Snake Pit.
 18014 | Lair:3   | Noticed an oklob plant
 18014 | Lair:3   | Noticed a seven-headed hydra
 18031 | Lair:3   | Slain by a seven-headed hydra
 18032 | Lair:3   | Reached XP level 10. HP: 0/42 MP: 26/26
 18049 | Lair:3   | Killed a merfolk siren
 18050 | Lair:3   | Reached XP level 11. HP: 37/45 MP: 18/18
 18089 | Lair:3   | Found a dark tunnel.
 18096 | Volcano  | Entered a volcano
 18143 | Volcano  | Reached skill level 12 in Unarmed Combat
 18442 | Volcano  | Found a bloodstained altar of Trog.
 18480 | Volcano  | Noticed a stone giant
 18484 | Volcano  | Slain by a stone giant

Illustrated notes

Levels and vault maps discovered:
D:1:      dpeg_arrival_stonehenge_8_columns, layout_basic,
          chequers_serial_rivers_small_3
D:2:      layout_basic, basic_altar, serial_shops, shop
D:3:      layout_loops_ring, nrook_campfire, uniq_terence
D:4:      layout_basic, st_stairs_10
D:5:      layout_basic, uniq_ijyb, uniq_menkaure, uniq_duvessa
D:6:      layout_gridville, minmay_temple_entry_mist
D:7:      layout_basic, nemelex_dance_club_becter, ebering_ghost_disaster_area,
          uniq_joseph
D:8:      gammafunk_beogh_shrine, layout_basic, uniq_maurice
D:9:      layout_layer_cave, okawaru_ov_weapons_minmay, david_orc_5,
          kennysheep_generic_room_11
D:10:     layout_basic, mainiacjoe_overflow_big_doors, lair_entry_dummy,
          serial_ice, serial_ice_n, serial_ice_k, serial_ice_h, serial_ice_a,
          kennysheep_path_1, disabler_island, uniq_sonja, uniq_lodul
D:11:     layout_basic, serial_ice, serial_ice_e, serial_ice_f, serial_ice_o,
          serial_ice_g, portal_ice_cave_entry_ice_simulacra
Temple:   dpeg_five_rooms_temple
Lair:1:   layout_hall_layers, gauntlet_entry_generic
Lair:2:   layout_gridlike, minmay_snake_entry_guardpost_small,
          lemuel_fruit_fields
Lair:3:   dpeg_oklob_shooting_range, layout_chaotic_city,
          minmay_shoals_entry_lonely_mermaid, nicolae_volcano_entry_two_sided,
          serial_bayou_pond_e
Volcano:  volcano_lake [vl_original]

Skill      XL: |  1  2  3  4  5  6  7  8  9 10 11 |
---------------+----------------------------------+-----
Stealth        | 2 3 4 5 |  5.0
Unarmed Combat | 1 2 3 4 5 8 10 11 12 | 12.0
Dodging        | 4 5 6 8 |  8.0
Evocations     | 5 |  5.0
Spellcasting   | 2 4 |  4.3
Conjurations   | 2 3 4 |  4.0
Air Magic      | 4 5 7 |  7.0
Poison Magic   | 3 4 6 7 |  7.4
Fighting       | 4 |  4.0
Transmutations | 3 |  3.4
Fire Magic     | 2 |  2.8

Action                     |  1- 3 |  4- 6 |  7- 9 | 10-12 || total
---------------------------+-------+-------+-------+-------++-------
  Melee: Unarmed           |   127 |   115 |   404 |   213 ||   859
         Bite              |    16 |     9 |    38 |    32 ||    95
         Punch             |     2 |     4 |    26 |    20 ||    52
   Cast: Poisonous Vapours |       |       |    67 |   231 ||   298
         Mephitic Cloud    |       |       |     7 |     9 ||    16
         Ignite Poison     |       |       |       |    15 ||    15
         Olgreb's Toxic Ra |       |       |       |     3 ||     3
         Arcjolt           |       |       |       |     1 ||     1
 Invoke: Potion Petition   |       |       |       |     1 ||     1
  Evoke: Wand              |     1 |    13 |    16 |    13 ||    43
    Use: Scroll            |       |     4 |     8 |     5 ||    17
         Potion            |       |       |     1 |     5 ||     6
   Stab: Sleeping          |     4 |     9 |     8 |     4 ||    25
         Confused          |       |     1 |     3 |     7 ||    11
         Distracted        |       |       |     2 |     1 ||     3
 Armour: Skin              |     6 |     5 |    18 |    10 ||    39
  Dodge: Dodged            |    84 |    97 |   317 |   221 ||   719

Table legend: (Time is in decaauts)
 A = Elapsed time spent in this place.
 B = Non-inter-level travel time spent in this place.
 C = Inter-level travel time spent in this place.
 D = Time resting spent in this place.
 E = Time spent auto-exploring this place.
 F = Levels seen in this place.
 G = Mean time per level.
                   A        B        C        D        E       F      G
               +--------+--------+--------+--------+--------+-----+--------+
         Total |  16108 |  15182 |    926 |   3980 |   6826 |  16 | 1006.8 |
       Dungeon |  12530 |  11713 |    817 |   2817 |   5581 |  11 | 1139.1 |
        Temple |    223 |    159 |     64 |      9 |    133 |   1 |  223.0 |
          Lair |   3011 |   2967 |     44 |   1020 |   1107 |   3 | 1003.7 |
       Volcano |    343 |    343 |      0 |    133 |      4 |   1 |  343.0 |
               +--------+--------+--------+--------+--------+-----+--------+

Top non-repeatable levels by time:
     D:9: 2732 daAuts
     D:8: 2122 daAuts
  Lair:2: 2028 daAuts
    D:10: 1781 daAuts
     D:4: 1090 daAuts
     D:2: 1029 daAuts
     D:7: 1022 daAuts
  Lair:1: 909 daAuts
     D:5: 825 daAuts
     D:3: 757 daAuts
     D:1: 632 daAuts
     D:6: 536 daAuts
 Volcano: 343 daAuts
  Temple: 223 daAuts
  Lair:3: 73 daAuts
